Map: Cyber Forest LE

Players

jxb

  • Race: Protoss Protoss
  • League: Gold
  • Spawn Location: 5:00

Mesrob - Winner!

  • Race: Terran Terran
  • League: Platinum
  • Spawn Location: 11:00

VOD

Have the link to the VOD?

Description

Time

  • Played on: Jan. 25, 2019, 4:17 p.m.
  • Length: 12:44
Show
View Real Time Build Order
Export as new Build Order

jxb Protoss 

Build Orders: Chargelot Immortal 

Get SALT Encoding   

  12  0:05  Probe  
  13  0:17  Probe  
  14  0:21  Pylon  
  14  0:29  Probe  
  15  0:41  Gateway  
  15  0:42  Probe  
  16  0:46  Assimilator  
  16  0:54  Probe  
  16  0:56  Assimilator  
  17  1:06  Probe  
  18  1:15  Probe  
  18  1:16  Pylon  
  18  1:23  Probe  
  19  1:31  Cybernetics Core  
  19  1:32  Probe  
  21  1:40  Probe  
  22  1:48  Probe  
  23  1:59  Forge, Probe  
  24  2:08  Protoss Ground Armor Level 1  
  24  2:22  Adept  
  25  2:25  Warp Gate  
  25  2:30  Robotics Facility  
  25  2:40  Probe  
  25  2:42  Pylon  
  26  2:48  Gateway  
  26  3:02  Gateway  
  26  3:04  Pylon  
  26  3:10  Immortal  
  26  3:26  Sentry  
  32  3:32  Pylon  
  32  3:35  Sentry  
  34  3:41  Pylon  
  34  3:49  Immortal  
  38  4:04  Photon Cannon  
  38  4:13  Sentry  
  38  4:14  Sentry  
  38  4:15  Sentry  
  44  4:35  Protoss Ground Weapons Level 1  
  44  4:42  Probe  
  44  4:43  Nexus  
  45  4:54  Probe  
  38  5:18  Immortal  
  30  5:33  Zealot x3  
  36  5:40  Twilight Council  
  36  5:54  Zealot x3  
  42  6:05  Probe  
  43  6:13  Probe  
  44  6:20  Assimilator  
  44  6:21  Assimilator, Probe  
  44  6:22  Pylon  
  45  6:27  Immortal  
  45  6:31  Probe  
  50  6:43  Probe, Charge  
  51  6:49  Templar Archives  
  51  6:51  Protoss Ground Weapons Level 2  
  51  6:54  Probe  
  52  7:02  Probe  
  53  7:09  Shield Battery  
  53  7:10  Probe  
  54  7:16  Observer  
  54  7:22  Probe  
  56  7:26  Pylon  
  56  7:34  Probe  
  56  7:36  Gateway  
  57  7:46  Probe  
  62  7:51  Immortal  
  62  7:58  Probe  
  62  8:02  Robotics Bay  
  63  8:07  Psionic Storm  
  63  8:24  Zealot x3  
  69  8:29  Photon Cannon  
  69  8:31  Observer  
  69  8:32  Probe  
  70  8:40  Probe  
  72  8:50  Probe  
  72  8:52  Observer  
  74  9:02  Probe  
  75  9:21  Zealot x2  
  75  9:22  Zealot x2  
  83  9:37  Gateway  
  83  9:39  Probe  
  83  9:41  Immortal  
  88  9:46  Nexus  
  88  9:49  Robotics Facility  
  88  9:51  Probe  
  89  9:53  Pylon  
  89  9:56  Robotics Facility  
  89  10:04  Pylon  
  89  10:06  Assimilator  
  89  10:09  Assimilator, Probe  
  89  10:14  Pylon  
  90  10:15  Pylon  
  90  10:17  Pylon  
  90  10:21  Probe  
  91  10:28  High Templar  
  91  10:29  High Templar x3  
  99  10:46  Shield Battery  
  99  10:53  Immortal  
  103  10:58  Photon Cannon  
  103  11:12  Shield Battery  
  103  11:24  Pylon  
  103  11:28  Gateway  
  103  11:34  Probe, Gateway  
  103  11:38  Gateway  
  103  11:39  Probe, Gateway  
  105  11:46  Probe  
  106  11:51  Probe  
  107  12:03  Probe  
  58  12:24  Zealot x4  
  58  12:25  Zealot x2  
Show
View Real Time Build Order
Export as new Build Order

Mesrob Terran - Winner!

Build Orders: Mech 

Get SALT Encoding   

  12  0:00  SCV  
  13  0:13  SCV  
  14  0:19  Supply Depot  
  14  0:25  SCV  
  15  0:40  SCV  
  15  0:41  Barracks  
  16  0:45  Refinery  
  16  0:57  SCV  
  17  1:10  SCV  
  18  1:22  SCV  
  19  1:34  Command Center  
  19  1:38  Orbital Command  
  19  1:44  Marine  
  20  1:56  Bunker  
  20  2:05  SCV  
  21  2:10  Factory  
  21  2:20  SCV  
  22  2:29  Refinery  
  22  2:30  Barracks Tech Lab  
  22  2:32  SCV  
  22  2:35  Engineering Bay  
  23  2:45  Supply Depot  
  23  2:46  SCV  
  23  2:51  Orbital Command  
  24  3:05  Supply Depot  
  24  3:06  Siege Tank  
  27  3:13  Supply Depot  
  27  3:19  Marine  
  28  3:22  SCV  
  28  3:23  SCV  
  30  3:32  Missile Turret  
  30  3:36  Missile Turret  
  30  3:39  SCV  
  30  3:40  SCV  
  32  3:44  Siege Tank  
  35  3:51  SCV  
  35  3:52  SCV  
  37  3:56  Armory  
  37  4:03  SCV  
  37  4:04  SCV  
  37  4:07  Refinery  
  39  4:15  SCV  
  39  4:16  Siege Tank  
  43  4:19  Missile Turret  
  43  4:25  SCV  
  43  4:28  SCV  
  45  4:38  SCV  
  46  4:42  Missile Turret  
  46  4:44  Terran Vehicle Weapons Level 1  
  46  4:48  Command Center  
  46  5:00  Thor  
  52  5:08  Factory  
  49  5:26  Bunker  
  49  5:33  Marine  
  50  5:37  Refinery  
  50  5:40  SCV x2  
  52  5:43  Siege Tank  
  55  5:51  Marine  
  55  5:52  SCV x2  
  58  6:01  Armory  
  58  6:03  Factory Reactor  
  58  6:04  SCV x2  
  58  6:10  Factory  
  60  6:25  Marine  
  61  6:28  SCV x2  
  63  6:36  Planetary Fortress  
  63  6:38  Terran Vehicle And Ship Armor Level 1  
  63  6:40  SCV x2  
  63  6:43  Marine  
  66  6:52  SCV x2  
  66  6:53  Factory  
  68  6:55  Terran Vehicle Weapons Level 2  
  68  6:56  Factory  
  68  7:04  SCV  
  69  7:14  Command Center  
  69  7:17  Factory Tech Lab  
  69  7:18  Thor  
  69  7:21  Refinery  
  75  7:23  Refinery  
  75  7:26  SCV x2  
  77  7:36  Supply Depot  
  77  7:37  Supply Depot  
  77  7:44  Supply Depot  
  77  7:48  Supply Depot  
  77  7:55  Factory Reactor  
  77  7:57  Factory Tech Lab, SCV x3  
  80  8:01  Factory  
  80  8:03  Factory  
  80  8:04  Supply Depot  
  80  8:06  Thor  
  80  8:08  Supply Depot  
  80  8:09  SCV x3  
  80  8:10  Supply Depot  
  89  8:21  SCV  
  89  8:22  SCV x2  
  92  8:28  Refinery  
  92  8:29  Missile Turret  
  92  8:30  Sensor Tower  
  92  8:32  Supply Depot x2  
  92  8:34  SCV x2  
  94  8:35  Thor  
  100  8:54  Refinery  
  100  9:21  Planetary Fortress  
  100  9:28  SCV x2  
  100  9:31  SCV  
  103  9:37  Factory Reactor, Thor  
  103  9:38  Hellbat x2, Factory Tech Lab  
  113  9:39  Hellbat x2, Thor x2  
  113  9:40  SCV  
  113  9:41  SCV  
  113  9:43  SCV  
  132  10:03  Starport  
  132  10:04  Starport  
  132  10:05  Terran Vehicle And Ship Armor Level 2  
  132  10:06  Terran Vehicle Weapons Level 3  
  132  10:09  Hellbat  
  132  10:10  Hellbat  
  136  10:19  Starport  
  136  10:26  Supply Depot  
  136  10:31  Supply Depot  
  136  10:40  SCV x2  
  138  10:47  Fusion Core  
  138  10:49  Starport Tech Lab x2  
  138  10:50  Supply Depot  
  138  10:55  Supply Depot, Thor x2  
  150  11:01  Starport  
  150  11:05  Hellbat x2  
  150  11:06  Hellbat  
  150  11:08  Hellbat  
  150  11:10  Hellbat  
  160  11:21  Supply Depot, Thor  
  160  11:25  Thor  
  172  11:51  Supply Depot  
  172  12:13  Hellbat, Supply Depot  
  172  12:14  Hellbat x3  
  172  12:15  Hellbat  
  176  12:35  Supply Depot  
  174  12:39  Starport Tech Lab  
  174  12:40  Starport Tech Lab  
Tags
 
Add a new tag
Caveats
  • Supply blocks, unpowered buildings, or Contaminate may cause inaccurate times.
  • Supply counts are checked every 10 seconds.